 Dungeon Crawl Stone Soup version 0.31-a0-424-g41b3b0883d (webtiles) character file.

Game seed: 15173411472840689106

4214 Ethylacetat the Mimic (level 10, -1/159 HPs)
             Began as an Octopode Shapeshifter on July 30, 2023.
             Was an Initiate of Gozag.
             Slain by an orc warrior
             ... wielding a +0 halberd
              (3 damage)
             ... in a bailey.
             The game lasted 00:27:14 (8382 turns).

Ethylacetat the Mimic (Octopode Shapeshifter)       Turns: 8382, Time: 00:27:14

Health: -1/159     AC: 32    Str: 16    XL:     10   Next: 29%
Magic:  10/10      EV:  2    Int: 10    God:    Gozag
Gold:   399        SH:  0    Dex: 16    Spells: 9/9 levels left

rFire   . . .        B - +5 short sword (protect)
rCold   . . .        i - orb {*Rage}
rNeg    . . .        (helmet currently unavailable)
rPois   +            (no amulet)
rElec   .            c - ring of see invisible
rCorr   .            E - ring of poison resistance
SInv    +            (no ring)
Will    .....        (no ring) Stlth
                     (no ring)
HPRegen 0.46/turn    (no ring)
MPRegen 0.12/turn    (no ring)
                     (no ring)

%: random rage (20%)
@: berserking, tree-form, gold aura, under a protective aura, attractive,
hasted, very quick
A: stationary, stasis, torment immunity, boosted hp, almost no armour,
(amphibious), 8 rings, (camouflage 1), (gelatinous body 1), (nimble swimmer 1),
(tentacles)
a: Renounce Religion, Potion Petition, Call Merchant, Bribe Branch


You were in a bailey.
You worshipped Gozag.
Gozag was aware of your devotion.
You were a tree.
You visited 2 branches of the dungeon, and saw 11 of its levels.
You also visited: Bailey.

You collected 711 gold pieces.
You spent 153 gold pieces at shops.
You paid 159 gold pieces to Gozag.

Inventory:

Hand Weapons
 B - a +5 short sword of protection (weapon)
Armour
 i - an orb of wrath (worn)
Jewellery
 c - a ring of see invisible (left branch)
 E - a ring of poison resistance (right branch)
Talismans
 D - a blade talisman
Wands
 A - a wand of polymorph (2)
Scrolls
 g - 3 scrolls of amnesia
 j - 2 scrolls of blinking
 n - 2 scrolls of teleportation
 o - a scroll of immolation
 p - 2 scrolls of enchant weapon
 q - 2 scrolls of vulnerability
 t - a scroll of revelation {unknown}
 v - 2 scrolls of fear
 y - a scroll of noise {unknown}
 z - 2 scrolls of poison
 C - a scroll of enchant armour {unknown}
Potions
 a - 2 potions of lignification
 d - 2 potions of might
 e - 3 potions of brilliance
 h - a potion of haste
 k - a potion of magic {unknown}
 l - 3 potions of enlightenment
 m - 5 potions of heal wounds
 r - 6 potions of curing
 u - a potion of mutation {unknown}
 w - a potion of attraction
 x - 2 potions of berserk rage
 F - a potion of invisibility {unknown}


   Skills:
 + Level 7.3 Fighting
 - Level 2.6 Dodging
 + Level 7.9 Unarmed Combat
 * Level 9.2 Shapeshifting


You had 9 spell levels left.
You didn't know any spells.
Your spell library contained the following spells:

 Spells                   Type           Power      Damage    Failure   Level
 Static Discharge         Conj/Air       0%         2-2/arc   50%         2
 Inner Flame              Hex/Fire       0%         N/A       75%         3
 Portal Projectile        Hex/Tloc       0%         N/A       75%         3
 Tukima's Dance           Hex            0%         N/A       75%         3
 Vhi's Electric Charge    Tloc/Air       0%         N/A       75%         3
 Airstrike                Air            0%         2d(0-16)  98%         4
 Flame Wave               Conj/Fire      0%         2d4       98%         4
 Iskenderun's Mystic Bla  Conj/Tloc      0%         2d3       98%         4
 Sticky Flame             Conj/Fire      0%         2d3       98%         4
 Summon Lightning Spire   Summ/Air       0%         N/A       98%         4
 Arcjolt                  Conj/Air       0%         1d10      100%        5
 Plasma Beam              Fire/Air       0%         2x1d10    100%        6


Dungeon Overview and Level Annotations

Branches:
Dungeon (10/15)            Temple (1/1) D:4          Bailey (1/1)
   Lair: D:8-11         Orc: D:9-12

Altars:
Ashenzari
Cheibriados
Dithmenos
Elyvilon
Fedhas
Gozag
Hepliaklqana
Kikubaaqudgha
Makhleb
Nemelex Xobeh
Okawaru
Qazlal
Ru
Sif Muna
Trog
Uskayaw
Vehumet
Wu Jian
Xom
Yredelemnul
Zin
The Shining One

Shops:
D:4 (   D:9 !

Annotations:
D:8 3 runed translucent doors, MrAu's ghost, novice FoFi


Innate Abilities, Weirdness & Mutations

You are a tree.
Your roots penetrate the ground, keeping you stationary.
You cannot be teleported.
You are immune to unholy pain and torment.
Your maximum health is greatly increased.
You cannot wear most types of armour.
((You are amphibious.))
You can wear up to eight rings at the same time.
((Your skin changes colour to match your surroundings (Stealth+).))
((Your rubbery body absorbs attacks. (AC +1, EV +1)))
((You are camouflaged when in or above water. (Stealth+)))
((You have tentacles for arms and can constrict up to eight enemies at once.))


Message History

The orc hits you but does no damage. x2; The orc hits you with a +0 trident.
* * * LOW HITPOINT WARNING * * *
The orc is distracted by your dazzling golden aura.
The orc hits you but does no damage.
The orc shouts!
A red film seems to cover your vision as you go berserk!
You feel yourself moving faster!
You feel mighty!
You hit the orc.
The orc is no longer distracted by gold.
The orc is severely wounded.
You hit the orc.
You kill the orc!
The orc warrior completely misses you. The orc hits you with a +0 halberd.
* * * LOW HITPOINT WARNING * * *
The orc hits you but does no damage.
The orc is distracted by your dazzling golden aura.
The orc hits you but does no damage.
The orc shouts!
You puncture the orc!
You kill the orc!
The orc is no longer distracted by gold.
The orc is distracted by your dazzling golden aura.
The orc warrior hits you from afar with a +0 halberd.
* * * LOW HITPOINT WARNING * * *
The orc hits you but does no damage. x3
The orc shouts!
You puncture the orc!
You kill the orc!
The orc is attracted toward you. x2
You hit the orc.
You kill the orc!
The orc warrior hits you from afar with a +0 halberd.
* * * LOW HITPOINT WARNING * * *
The orc is distracted by your dazzling golden aura.
The orc shouts!
The orc is attracted toward you.
You puncture the orc!
You kill the orc!
The orc warrior hits you from afar with a +0 halberd.
You die...
Your body crumbles into a pile of gold.

############
##......$.∩.##
#... #.$....#
$$.#....###.$...#
$$.'.....8$♣o..∩#
$$ #....###$....#
#..o..#o§....#
##..o...§.∩.##
############


You could see an orc warrior and an orc.

Vanquished Creatures
  The ghost of paps the Changeling, a novice OpSh of Gozag (D:5)
  A hornet (D:10)
  2 shadows (D:10)
  3 steam dragons
  An acid dragon (D:9)
  2 water moccasins
  An orc warrior (D:9)
  A sky beast (D:7)
  An ice beast (D:6)
  3 centaurs
  2 kobold brigands
  2 bullfrogs
  8 scorpions
  12 killer bees
  The ghost of leukarlung the Slasher, a weakling HuMo (D:4)
  2 howler monkeys (D:5)
  8 hounds
  An orc priest (D:9)
  2 jellies
  2 sleepcaps
  Jessica (D:2)
  2 iguanas
  4 orc wizards
  4 adders
  12 gnolls
  An ufetubus (D:4)
  7 worms
  4 dart slugs
  28 orcs
  6 ball pythons
  7 bats
  12 endoplasms
  3 giant cockroaches
  8 goblins
  12 hobgoblins
  3 quokkas
  A frilled lizard (D:1)
  13 kobolds
  4 rats
188 creatures vanquished.

Notes
Turn   | Place    | Note
-------+----------+-------------------------------------------
     0 | D:1      | Ethylacetat the Octopode Shapeshifter began the quest for
                  | the Orb.
     0 | D:1      | Reached XP level 1. HP: 13/13 MP: 1/1
   243 | D:1      | Reached XP level 2. HP: 18/18 MP: 2/2
   335 | D:1      | Found a faded altar of an unknown god.
   675 | D:2      | Reached XP level 3. HP: 12/23 MP: 3/3
   723 | D:2      | Noticed Jessica
   728 | D:2      | Killed Jessica
   758 | D:2      | Reached XP level 4. HP: 15/29 MP: 4/4
  1158 | D:2      | Reached XP level 5. HP: 35/35 MP: 5/5
  1172 | D:2      | Found a basalt altar of Yredelemnul.
  1633 | D:3      | Found an iron altar of Okawaru.
  1768 | D:3      | Reached skill level 4 in Shapeshifting
  2093 | D:4      | Found a stormy altar of Qazlal.
  2145 | D:4      | Found a staircase to the Ecumenical Temple.
  2154 | Temple   | Entered the Ecumenical Temple
  2194 | D:4      | Reached XP level 6. HP: 28/42 MP: 6/6
  2201 | D:4      | Found a runed translucent door.
  2239 | D:4      | Noticed leukarlung's ghost (weakling HuMo)
  2239 | D:4      | Noticed a water moccasin
  2244 | D:4      | Killed a water moccasin
  2251 | D:4      | Killed leukarlung's ghost
  2410 | D:4      | Reached XP level 7. HP: 46/46 MP: 7/7
  2422 | D:4      | Reached skill level 5 in Shapeshifting
  2523 | D:4      | Found Riutez's Antique Weapon Shoppe.
  2845 | D:4      | Reached skill level 5 in Unarmed Combat
  3324 | D:4      | Identified the +10 ring mail of Mitamune {Fly Will++
                  | Stlth+}
  3338 | D:5      | Entered Level 5 of the Dungeon
  3354 | D:5      | Reached XP level 8. HP: 54/54 MP: 8/8
  3460 | D:5      | Reached skill level 6 in Shapeshifting
  3482 | D:5      | Found an ancient bone altar of Kikubaaqudgha.
  3691 | D:5      | Found a runed translucent door.
  3691 | D:5      | Noticed paps's ghost (novice OpSh)
  3707 | D:5      | Killed paps's ghost
  3708 | D:5      | Reached skill level 5 in Fighting
  4098 | D:6      | Reached skill level 7 in Shapeshifting
  4109 | D:6      | Reached XP level 9. HP: 58/61 MP: 9/9
  5671 | D:8      | Noticed MrAu's ghost (novice FoFi)
  5674 | D:8      | Reached skill level 8 in Shapeshifting
  5675 | D:8      | Found a runed translucent gate.
  5675 | D:8      | Found a runed translucent gate.
  5675 | D:8      | Found a runed translucent gate.
  5675 | D:8      | Noticed a kobold demonologist
  6372 | D:8      | Found a shimmering blue altar of Sif Muna.
  6372 | D:8      | Found an opulent altar of Gozag.
  6383 | D:8      | Became a worshipper of Gozag Ym Sagoz the Greedy
  6819 | D:9      | Found a radiant altar of Vehumet.
  6859 | D:9      | Found Jogeom Qasom's Distillery.
  6866 | D:9      | Bought a potion of curing for 51 gold pieces
  6866 | D:9      | Bought a potion of heal wounds for 85 gold pieces
  6866 | D:9      | Bought a potion of degeneration for 17 gold pieces
  7392 | D:9      | Reached XP level 10. HP: 59/69 MP: 10/10
  7732 | D:10     | Entered Level 10 of the Dungeon
  7954 | D:10     | Paralysed by a hornet for 3 turns
  7960 | D:10     | HP: 3/70 [hornet (5)]
  7962 | D:10     | Reached skill level 9 in Shapeshifting
  8171 | D:10     | Identified the +4 robe of the Mind {Str+2 SInv}
  8345 | D:10     | Found a flagged portal.
  8351 | Bailey   | Entered a bailey
  8379 | Bailey   | HP: 7/159 [orc warrior/+0 halberd (6)]
  8381 | Bailey   | HP: 2/159 [orc warrior/+0 halberd (6)]
  8382 | Bailey   | Slain by an orc warrior

Illustrated notes

Levels and vault maps discovered:
D:1:      psy_arrival_terrarium, layout_basic, shapermc_ecumenical_altar_petra
D:2:      layout_basic, basic_altar, uniq_jessica
D:3:      layout_basic, okawaru_gym_becter
D:4:      minmay_thinvault, layout_basic, old_standard_altar, temple_green,
          ebering_ghost_inner_flame, nicolae_stop_n_shop_2
D:5:      layout_rooms, kiku_gazebo_garden_becter,
          hellmonk_ghost_happy_afterlife
D:6:      layout_basic, dreamdust_gnoll_farm
D:7:      layout_loops_ring, grunt_ministairs_12
D:8:      layout_loops_ring, gammafunk_temple_overflow_pools,
          gammafunk_ghost_nasty_kobolds
D:9:      layout_rooms, nicolae_vehumet_altar_sigil, serial_shops,
          nicolae_shop_competitors_out_of_business
D:10:     layout_basic, enter_bailey_3
Temple:   nicolae_temple_elliptical
Bailey:   bailey_polearm_5, bailey

Skill      XL: |  1  2  3  4  5  6  7  8  9 10 |
---------------+-------------------------------+-----
Fighting       | 2 3 4 5 6 7 |  7.3
Shapeshifting  | 4 5 7 8 9 |  9.2
Unarmed Combat | 4 5 6 7 |  7.9
Dodging        | |  2.6

Action                     |  1- 3 |  4- 6 |  7- 9 | 10-12 || total
---------------------------+-------+-------+-------+-------++-------
  Melee: Unarmed           |    40 |    81 |   147 |    30 ||   298
         Constrict         |    14 |    20 |    48 |     5 ||    87
         Tentacles         |    13 |    15 |    46 |     5 ||    79
         Punch             |     2 |     3 |    14 |     1 ||    20
         Short sword       |       |       |    47 |    26 ||    73
         Maw               |       |       |    11 |       ||    11
    Use: Scroll            |       |     1 |     3 |     9 ||    13
         Potion            |       |       |       |     6 ||     6
   Stab: Sleeping          |     5 |     9 |     9 |       ||    23
         Distracted        |       |     1 |       |       ||     1
 Armour: Skin              |     1 |    10 |    21 |    42 ||    74
  Dodge: Dodged            |    18 |    50 |   106 |    30 ||   204
   Form: Blade             |       |       |     1 |       ||     1
         Maw               |       |       |     1 |       ||     1

Table legend: (Time is in decaauts)
 A = Elapsed time spent in this place.
 B = Non-inter-level travel time spent in this place.
 C = Inter-level travel time spent in this place.
 D = Time resting spent in this place.
 E = Time spent auto-exploring this place.
 F = Levels seen in this place.
 G = Mean time per level.
                   A        B        C        D        E       F      G
               +--------+--------+--------+--------+--------+-----+--------+
         Total |   8626 |   8490 |    136 |    229 |   6619 |  12 |  718.8 |
       Dungeon |   8561 |   8425 |    136 |    229 |   6619 |  10 |  856.1 |
        Temple |     35 |     35 |      0 |      0 |      0 |   1 |   35.0 |
        Bailey |     28 |     28 |      0 |      0 |      0 |   1 |   28.0 |
               +--------+--------+--------+--------+--------+-----+--------+

Top non-repeatable levels by time:
     D:4: 1301 daAuts
     D:8: 1155 daAuts
     D:9: 965 daAuts
     D:7: 829 daAuts
     D:5: 799 daAuts
     D:6: 768 daAuts
     D:1: 759 daAuts
     D:2: 678 daAuts
     D:3: 676 daAuts
    D:10: 627 daAuts
  Temple: 35 daAuts
  Bailey: 28 daAuts
